AoeStats
← Le Rhinoceros

Four Lakes

507932323Analyzed
1v1 RM · 12d ago on Sep 20, 2026· 40m 57s· 2 players
Game mode
Random Map
Map size
Tiny (2 player)
Population
200
Speed
Normal
Resources
Standard
Victory
Conquest
Starting age
Dark Age
Ending age
Imperial Age
RankedLock teamsTeams togetherTeam positionsShared explorationLock speedFull tech treeHidden civsTurbo modeCheats
Victory
Defeat
🇫🇷 Lithuanians · France
887
+14
🇪🇸 Turks · Spain
846
-14
Nova Geck
9:41 Loom
13:19 Feudal Age
13:48 Double-Bit Axe
13:45 Horse Collar
17:33 Man-at-Arms
25:21 Castle Age
25:27 Fletching
25:38 Padded Archer Armor
30:45 Bloodlines
30:35 Husbandry
34:46 Bodkin Arrow
40:24 Scale Barding Armor
Le Rhinoceros
0:29 Loom
11:35 Feudal Age
12:13 Double-Bit Axe
12:16 Fishing Lines
12:46 Horse Collar
17:15 Wheelbarrow
17:09 Bloodlines
21:11 Castle Age
20:16 Forging
20:12 Scale Barding Armor
21:30 Fletching
23:52 Pikeman
24:33 Squires
27:03 Bow Saw
26:56 Heavy Plow
28:15 Iron Casting
28:01 Chain Barding Armor
29:24 Scale Mail Armor
29:14 Town Watch
31:52 Hand Cart
31:59 Man-at-Arms
32:25 Arson
34:26 Town Patrol
34:36 Gillnets
Connection lost

Rejoining the realm…

Still unreachable

The connection could not be restored.

Session expired

The server has moved on; the page needs a fresh start.